 Dungeon Crawl Stone Soup version 0.24.1 (webtiles) character file.

Game seed: 2653610065051034441, levelgen mode: deterministic

11 M4edhros the Grave Robber (level 2, -1/17 HPs)
             Began as an Octopode Necromancer on Mar 31, 2020.
             Slain by a kobold
             ... wielding a +0 antimagic short sword
              (6 damage)
             ... on level 2 of the Dungeon.
             The game lasted 00:01:20 (288 turns).

M4edhros the Grave Robber (Octopode Necromancer)     Turns: 288, Time: 00:01:20

Health: -1/17      AC:  1    Str:  7    XL:     2   Next: 25%
Magic:  5/5        EV: 13    Int: 17    God:
Gold:   12         SH:  0    Dex: 12    Spells: 3/5 levels left

rFire    . . .     SeeInvis .     - Unarmed
rCold    . . .     Gourm    .   (no shield)
rNeg     . . .     Faith    .   (helmet restricted)
rPois    .         Spirit   .   (no amulet)
rElec    .         Reflect  .   (no ring)
rCorr    .         Harm     .   (no ring)
MR       .....                  (no ring)
Stlth    +++.......             (no ring)
HPRegen  0.05/turn              (no ring)
MPRegen  0.09/turn              (no ring)
                                (no ring)
                                (no ring)

@: no status effects
A: almost no armour, stealthy swim, amphibious, 8 rings, constrict 8, camouflage
1, gelatinous body 1
a: no special abilities


You were on level 2 of the Dungeon.
You were not hungry.

You visited 1 branch of the dungeon, and saw 2 of its levels.

You collected 12 gold pieces.

Inventory:

Scrolls
 e - a scroll of identify {unknown}
Potions
 c - a potion of curing {unknown}
 d - a potion of haste {unknown}
Comestibles
 a - a chunk of flesh
 b - a ration


   Skills:
 + Level 2.2 Dodging
 + Level 3.1 Stealth
 * Level 1.1 Unarmed Combat
 - Level 2.0 Spellcasting
 - Level 4.0 Necromancy


You had 3 spell levels left.
You knew the following spells:

 Your Spells              Type           Power        Failure   Level  Hunger
a - Pain                  Necr           ###.         3%          1    #......
b - Animate Skeleton      Necr           N/A          3%          1    #......

Your spell library contained the following spells:

 Spells                   Type           Power        Failure   Level  Hunger
 Vampiric Draining        Necr           ###.......   11%         3    ###....
 Regeneration             Chrm/Necr      #.........   26%         3    ###....
 Animate Dead             Necr           N/A          36%         4    #####..


Dungeon Overview and Level Annotations

Branches:
Dungeon (2/15)

Altars:


Innate Abilities, Weirdness & Mutations

You cannot wear most types of armour.
You are very stealthy in the water. (Stealth+)
You are amphibious.
You can wear up to eight rings at the same time.
You can use your tentacles to constrict eight enemies at once.
Your skin changes colour to match your surroundings (Stealth+).
Your rubbery body absorbs attacks. (AC +1, EV +1)


Message History

You see here a whip.
As you open the door, it creaks loudly!
You hear an angry hiss.
Found a stone staircase leading up.
A bat and a ball python come into view.
The bat closely misses you.
There is an open door here.
The bat barely misses you.
You close the door.
Found a stone staircase leading down.
Found 30 stones and a dark potion.
A kobold comes into view.
It is wielding a +0 antimagic short sword.
The kobold shouts!
The kobold hits you with a +0 antimagic short sword.
You tentacle-slap the kobold but do no damage.
Your grab misses the kobold.
The kobold hits you with a +0 antimagic short sword.
* * * LOW HITPOINT WARNING * * *
You closely miss the kobold. You grab the kobold. You constrict the kobold.
The kobold hits you with a +0 antimagic short sword.
You die...

.........#.#
......#..#.#
#..#.# #.#.#
#...# #...#
#...#####
.#######.........
#.....K@..>######
#..........#
#..........#
#.......!(.#
#..........#
#..........#
#..........#
#..........#


You could see a kobold.

Vanquished Creatures
  A leopard gecko (D:1)
  A bat (D:1)
  A goblin (D:2)
  A hobgoblin (D:1)
  2 jackals (D:2)
  A kobold (D:1)
  A rat (D:1)
8 creatures vanquished.

Notes
Turn   | Place    | Note
-------+----------+-------------------------------------------
     0 | D:1      | M4edhros the Octopode Necromancer began the quest for the
                  | Orb.
     0 | D:1      | Reached XP level 1. HP: 11/11 MP: 3/3
    19 | D:1      | Learned a level 1 spell: Animate Skeleton
   121 | D:1      | Reached skill level 1 in Unarmed Combat
   121 | D:1      | Reached XP level 2. HP: 16/17 MP: 5/5
   288 | D:2      | Slain by a kobold

Levels and vault maps discovered:
D:1:      matt_arrival_grand_opening, layout_basic,
          chequers_serial_rivers_micro_c
D:2:      layout_basic, overflow_temple_1_default, first_ration,
          nicolae_ru_the_path_less_chosen

Skill      XL: |  1 |
---------------+----+-----
Stealth        | 3 |  3.1
Unarmed Combat | 1 |  1.1
Dodging        | |  2.2
Spellcasting   | |  2.0
Necromancy     | |  4.0

Action                   || total
-------------------------++-------
Melee: Unarmed           ||    23
       Constrict         ||    10
       Tentacles         ||     7
 Cast: Animate Skeleton  ||     3
Dodge: Dodged            ||    11
